 Dungeon Crawl Stone Soup version 0.23.1-37-gaa34b87b72 (webtiles) character file.

Game seed: 5577766774619349561

149 Elpenore the Cutter (level 5, 0/33 HPs)
             Began as a Kobold Berserker on Mar 23, 2019.
             Was a Believer of Trog.
             Slain by an orc
             ... wielding a cursed -3 war axe
              (12 damage)
             ... on level 3 of the Dungeon.
             The game lasted 00:29:29 (2749 turns).

Elpenore the Cutter (Kobold Berserker)              Turns: 2749, Time: 00:29:30

Health: 0/33       AC:  2    Str: 14    XL:     5   Next: 56%
Magic:  5/5        EV: 16    Int: 14    God:    Trog [**....]
Gold:   98         SH:  0    Dex: 15    Spells: 4/4 levels left

rFire    . . .     SeeInvis .   a - +0 short sword
rCold    . . .     Gourm    .   (shield restricted)
rNeg     . . .     Faith    .   b - +0 animal skin
rPois    .         Spirit   .   (no helmet)
rElec    .         Reflect  .   (no cloak)
rCorr    .         Harm     .   (no gloves)
MR       ++...                  (no boots)
Stlth    ++........             (no amulet)
HPRegen  1.11/turn              (no ring)
MPRegen  0.09/turn              (no ring)

@: brilliant, berserk cooldown, regenerating, slowed, very slow
A: small, carnivore
a: Berserk, Trog's Hand, Renounce Religion


You were on level 3 of the Dungeon.
You worshipped Trog.
Trog was pleased with you.
You were very full.

You visited 1 branch of the dungeon, and saw 3 of its levels.

You collected 98 gold pieces.

Inventory:

Hand Weapons
 a - a +0 short sword (weapon)
Missiles
 d - 42 poisoned needles
Armour
 b - a +0 animal skin (worn)
Jewellery
 o - an uncursed amulet of rage
Scrolls
 c - a scroll of enchant armour {unknown}
 i - a scroll of fear {unknown}
 k - 2 scrolls of remove curse {unknown}
 l - a scroll of teleportation {unknown}
 m - a scroll of amnesia {unknown}
Potions
 e - a potion of might {unknown}
 f - a potion of heal wounds {unknown}
 h - a potion of curing {unknown}
 j - a potion of magic {unknown}
 n - a potion of degeneration {unknown}
 p - a potion of brilliance
 q - a potion of agility {unknown}
Comestibles
 g - 6 rations


   Skills:
 + Level 4.1 Fighting
 + Level 5.1 Short Blades
 - Level 2.0 Armour
 + Level 3.6 Dodging
 + Level 3.1 Stealth


You had 4 spell levels left.
You didn't know any spells.
Your spell library was empty.

Dungeon Overview and Level Annotations

Branches:
Dungeon (3/15)

Altars:

Annotations:
D:3 Sigmund


Innate Abilities, Weirdness & Mutations

You are small and have problems with some larger weapons.
You are carnivorous and can eat meat at any time.


Message History

The orc misses you.
You barely miss the orc.
The orc is severely wounded.
The orc hits you with a cursed -3 war axe!
The orc priest invokes the aid of Beogh against you.
Beogh smites you!
* * * LOW HITPOINT WARNING * * *
The orc priest shouts!
You're still recovering from your berserk rage.
The orc hits you with a cursed -3 war axe.
* * * LOW HITPOINT WARNING * * *
The orc closely misses you.
Your skin crawls.
You feel resistant to hostile enchantments.
You feel somewhat less full. The orc closely misses you.
It was a potion of brilliance.
You feel clever all of a sudden.
You feel the effects of Trog's Hand fading.
The orc hits you with a cursed -3 war axe!
You die...

#.....# ##.....##
#.....# ##...## #.[...#
##'## #...o.# #.# #.#
#.# #.# ##.## ####.####
##...######
#...oo..#####..........
#.##.o@..........#####.
# ####.######...#####.
#.# #...##.... #.#
#......##. ..#
##..#####. ###
#..#####. #)..รท....
#.####### #.#


You could see 2 orc priests and an orc.

Vanquished Creatures
  An orc priest (D:2)
  Terence (D:2)
  4 adders
  2 worms
  A dart slug (D:1)
  A leopard gecko (D:1)
  4 orcs (D:2)
  A giant cockroach (D:2)
  4 goblins
  5 hobgoblins
  2 jackals (D:2)
  4 quokkas
  5 bats
  2 frilled lizards
  6 kobolds
  10 rats
53 creatures vanquished.

Notes
Turn   | Place    | Note
-------+----------+-------------------------------------------
     0 | D:1      | Elpenore the Kobold Berserker began the quest for the Orb.
     0 | D:1      | Reached XP level 1. HP: 14/14 MP: 1/1
    99 | D:1      | Reached XP level 2. HP: 19/19 MP: 2/2
   271 | D:1      | Reached skill level 1 in Stealth
   909 | D:2      | Reached XP level 3. HP: 21/23 MP: 3/3
  1293 | D:2      | Reached skill level 2 in Armour
  1297 | D:2      | Reached skill level 3 in Dodging
  1427 | D:2      | Reached skill level 2 in Stealth
  1427 | D:2      | Reached XP level 4. HP: 26/29 MP: 4/4
  1707 | D:2      | Reached ** piety under Trog
  1957 | D:2      | Noticed Terence
  1965 | D:2      | Killed Terence
  1965 | D:2      | Reached skill level 4 in Fighting
  1965 | D:2      | Reached XP level 5. HP: 33/33 MP: 5/5
  1971 | D:2      | Reached skill level 5 in Short Blades
  2202 | D:3      | Noticed Sigmund
  2324 | D:3      | Reached skill level 3 in Stealth
  2749 | D:3      | Slain by an orc

Skill      XL: |  1  2  3  4  5 |
---------------+----------------+-----
Stealth        | 1 2 3 |  3.1
Armour         | 2 |  2.0
Dodging        | 3 |  3.6
Fighting       | 4 |  4.1
Short Blades   | 5 |  5.1

Action                   |  1- 3 |  4- 6 || total
-------------------------+-------+-------++-------
Melee: Short sword       |    84 |    65 ||   149
Invok: Berserk           |     5 |     5 ||    10
       Trog's Hand       |       |     1 ||     1
  Use: Potion            |       |     1 ||     1
 Stab: Sleeping          |     2 |     3 ||     5
  Eat: Chunk             |     6 |    14 ||    20
       Ration            |     1 |       ||     1
Armor: Animal skin       |    10 |     3 ||    13
Dodge: Dodged            |    61 |    27 ||    88
